Croesus, chaotic female elven Ranger ----------------------------------------------------------------------- |}}}}}}}}}.............................................}}}}}}}}}|.....| |}-------}}}}}}}}}}}}}}}}}}}}}}}}}}}}}}}}}}}}}}}}}}}}}}}-------}|----.| |}| |}|.....| |}| @@O |}|.----| |}------ ------}|.....| |}}}}}}| D |}}}}}}..-.-.| |.....}| D |}...........| --- |.....}| -+--------|.......--.|.| ..| |.....}+ .@^...^..^@......|.|...| ---<|--.....}| -D--------|........---.| |..(|^......}| |}.........|.| |.--|.|}}}}}}| D |}}}}}}|.|.|.| |...|.|}------ ------}|.|.|.| |.|.|.| | @ | |.|.|.| |...| |.|.|.| ----- |.---.| |.....| ------- Croesus the Scout Experience level: 15 Strength: 18 Dexterity: 18 Constitution: 16 Intelligence: 15 Wisdom: 18 Charisma: 9 Health: 0(95) Energy: 116(116) Def: 26 Gold: 0 Moves: 47902 Dungeon seed: eDqNH2SLg3XmZ45p Game ID: Croesus_1580916168 Your Inventory: Weapons d - the fireproof +0 Sting e - the blessed +0 Longbow of Diana (weapon in hand) n - 8 poisoned +0 elven arrows o - 24 +0 elven arrows r - 33 +1 arrows v - 14 blessed +0 arrows A - 40 +0 arrows E - 3 poisoned +0 orcish arrows O - 6 blessed poisoned +1 orcish arrows Z - 9 blessed +0 arrows (in quiver) Armor y - an uncursed +0 shield of reflection (being worn) J - an uncursed +0 pair of leather gloves (being worn) N - an uncursed +0 cloak of protection (being worn) Q - an uncursed +0 dwarvish iron helm (being worn) X - a blessed +1 pair of iron shoes (being worn) Y - an uncursed +0 dwarvish mithril-coat (being worn) Comestibles H - an uncursed lizard corpse Rings m - an uncursed ring of polymorph control q - an uncursed ring of teleportation C - an uncursed ring of conflict L - an uncursed ring of levitation (on left hand) Wands f - a wand of striking (0:2) i - a cursed wand of slow monster (0:4) t - a blessed wand of magic missile (0:1) R - a wand of striking (0:2) S - a wand of cold (0:1) W - a wand of teleportation (0:4) Tools b - a blessed bag of holding g - the Bell of Opening (0:2) k - an uncursed skeleton key l - a blessed magic lamp u - a blessed +0 unicorn horn w - an uncursed magic whistle T - an uncursed blindfold Gems z - an uncursed luckstone Contents of the bag of holding: 2266 gold pieces an uncursed amulet of reflection 5 +2 elven arrows 6 +0 elven arrows 7 blessed +2 silver arrows 6 +0 ya an uncursed +0 mummy wrapping an uncursed +0 pair of leather gloves an uncursed +0 pair of water walking boots an uncursed K-ration an uncursed candy bar an uncursed fortune cookie 6 uncursed lembas wafers 2 uncursed lizard corpses 4 uncursed mangos an uncursed tripe ration a blessed scroll of confuse monster 5 uncursed scrolls of confuse monster an uncursed scroll of create monster a cursed scroll of create monster 3 uncursed scrolls of destroy armor 2 blessed scrolls of earth 3 uncursed scrolls of enchant armor 2 blessed scrolls of enchant weapon 3 uncursed scrolls of enchant weapon a cursed scroll of enchant weapon a cursed scroll of fire a blessed scroll of food detection a cursed scroll of food detection 3 uncursed scrolls of gold detection a blessed scroll of magic mapping 3 uncursed scrolls of magic mapping a cursed scroll of magic mapping 2 uncursed scrolls of punishment 2 blessed scrolls of teleportation 12 uncursed scrolls of teleportation 2 cursed scrolls of teleportation an uncursed potion of acid an uncursed potion of blindness 2 uncursed potions of extra healing a blessed potion of full healing 2 uncursed potions of full healing a cursed potion of full healing an uncursed potion of gain energy an uncursed potion of gain level 3 uncursed potions of healing 3 cursed potions of healing 8 potions of holy water an uncursed potion of invisibility 2 uncursed potions of levitation an uncursed potion of monster detection 2 uncursed potions of water a blessed +1 ring of adornment an uncursed ring of fire resistance a cursed ring of invisibility an uncursed ring of levitation an uncursed ring of poison resistance an uncursed ring of protection from shape changers an uncursed ring of regeneration an uncursed ring of stealth an uncursed ring of sustain ability an uncursed ring of warning a wand of create monster (0:13) a wand of create monster (0:12) a blessed wand of digging (0:5) a wand of digging (0:4) a wand of light (0:10) a wand of lightning (0:0) a wand of magic missile (0:6) a cursed wand of magic missile (0:5) a wand of sleep (0:6) a wand of sleep (0:5) a wand of speed monster (0:6) a wand of speed monster (0:5) a wand of speed monster (0:4) a wand of striking (0:8) a wand of striking (0:4) a wand of striking (0:1) a blessed wand of teleportation (0:8) a wand of teleportation (0:6) a wand of teleportation (0:6) a wand of teleportation (0:5) a wand of undead turning (0:8) a wand of undead turning (0:4) an uncursed blindfold a horn of plenty (0:9) a horn of plenty (0:2) an uncursed magic whistle an uncursed mirror a +0 pick-axe an uncursed skeleton key an uncursed skeleton key an uncursed tin whistle an uncursed tin whistle a tinning kit (0:22) a +0 unicorn horn a +0 unicorn horn an uncursed agate stone 5 uncursed amber stones 5 uncursed amethyst stones 5 uncursed aquamarine stones 2 uncursed chrysoberyl stones 3 uncursed citrine stones 7 uncursed diamonds 5 uncursed emeralds an uncursed fluorite stone 5 uncursed garnet stones an uncursed jade stone 2 uncursed jasper stones an uncursed jet stone an uncursed obsidian stone 6 uncursed rocks 2 uncursed rubies 19 uncursed worthless pieces of black glass 16 uncursed worthless pieces of blue glass 8 uncursed worthless pieces of green glass 27 uncursed worthless pieces of orange glass 23 uncursed worthless pieces of red glass 11 uncursed worthless pieces of violet glass 22 uncursed worthless pieces of white glass 17 uncursed worthless pieces of yellow glass 15 uncursed worthless pieces of yellowish brown glass a cursed worthless piece of yellowish brown glass Spells and supernatural/magical abilities: Name Level Category Fail Memory a - force bolt 1 attack 100% 85% m - magic missile 2 attack 100% 4% n - detect monsters 1 divination 100% 77% o - cone of cold 4 attack 100% 65% u - confuse monster 2* enchantment 100% 0% w - wizard lock 2* matter 100% 0% z - sleep 1 enchantment 100% 80% H - haste self 3* escape 100% 0% I - identify 3* divination 100% 0% R - restore ability 4 healing 100% 85% V - teleportitis -- ability ? -- W - pray for help -- divine ? -- Your skills at the end: Fighting Skills Weapon Skills dagger [Expert] spear [Skilled] bow [Expert] Spellcasting Skills Final Attributes: You were piously aligned. You were fire resistant. You were cold resistant. You were sleep resistant. You were shock resistant. You were poison resistant. You saw invisible. You were telepathic. You had automatic searching. You had infravision. You were invisible to others. You were stealthy. You could teleport. You were levitating. You were protected. You were fast. You had reflection. You were extremely lucky. You had extra luck. Bad luck did not time out for you. Good luck did not time out for you. You are dead. Vanquished creatures: Medusa a glass golem a balrog 2 purple worms a gray dragon a red dragon an orange dragon a blue dragon a yellow dragon 3 minotaurs Scorpius a demilich 2 stone golems an Olog-hai a Nazgul a titanothere 2 trappers a baby gray dragon a guardian naga 2 vampire lords 2 liches 3 water trolls 2 clay golems a nurse a lurker above an ettin a black pudding 2 vampires 2 ghosts 2 queen bees 3 winged gargoyles a mind flayer 9 giant mimics 10 fire giants an ice troll 2 rock trolls a flesh golem 3 doppelgangers 8 large mimics 4 wumpuses a baby purple worm 2 long worms 3 couatls 8 stalkers an air elemental 3 fire elementals 2 earth elementals a water elemental a hill giant a giant mummy 2 black nagas 2 xorns 2 giant zombies 5 wargs 12 small mimics 4 glass piercers 5 warhorses 5 xans an ettin mummy an ogre lord 3 quantum mechanics 9 trolls 2 wood golems 2 sharks 10 gelatinous cubes a pyrolisk 2 large dogs 4 freezing spheres 5 flaming spheres 2 shocking spheres a large cat a tiger 5 gargoyles 2 dwarf kings 9 tengu 3 ochre jellies 5 leocrottas 25 mountain centaurs 7 stone giants 2 elf mummies 3 human mummies a red naga a pit viper 2 pythons 2 cobras 3 wraiths 2 carnivorous apes 2 ettin zombies 3 leather golems 5 soldiers 2 succubi an incubus 3 chameleons a crocodile 10 giant beetles 6 quivering blobs 16 cockatrices 3 wolves 10 winter wolf cubs 2 lynxes 8 panthers a gremlin 3 spotted jellies 46 leprechauns 2 orc-captains 4 iron piercers a mumak 8 giant spiders 36 scorpions 3 horses a black light 4 vampire bats 62 forest centaurs 7 gnome kings 3 orc mummies 3 dwarf mummies 2 brown puddings 4 rust monsters 13 owlbears 7 yetis 4 gold golems a werewolf 7 Green-elves 6 giant eels 12 lizards 8 hunters 4 chickatrices 6 dingos a housecat 8 jaguars 5 dwarf lords 3 blue jellies 5 white unicorns 3 gray unicorns 7 dust vortices 6 ravens 13 plains centaurs a gnome mummy 3 snakes 9 apes 6 human zombies 2 rope golems a Woodland-elf 5 soldier ants 11 fire ants 6 bugbears a quasit 5 wood nymphs 4 water nymphs 5 mountain nymphs 18 Mordor orcs 23 Uruk-hai 4 orc shamans 13 rock piercers 4 rock moles 7 ponies 6 fog clouds 7 yellow lights 5 shriekers 6 violet fungi 24 gnome lords 13 gnomish wizards 6 kobold mummies a black naga hatchling 2 guardian naga hatchlings 5 gray oozes 11 elf zombies 7 ghouls a straw golem a paper golem 4 jellyfish 2 baby crocodiles 18 giant ants 2 little dogs 9 floating eyes 5 kittens 25 dwarves a homunculus 3 kobold lords 8 kobold shamans 11 hill orcs 17 rothes 3 rabid rats 7 centipedes 9 giant bats a monkey an orc zombie 4 dwarf zombies 3 wererats 3 werejackals 9 iguanas 61 killer bees 4 acid blobs 4 coyotes a gas spore 12 hobbits 12 manes 4 large kobolds 9 hobgoblins 10 giant rats 5 cave spiders 3 brown molds 2 yellow molds 4 green molds 4 red molds 74 gnomes 18 garter snakes 4 gnome zombies 12 geckos 18 jackals 6 foxes 7 kobolds 9 goblins 5 sewer rats 23 grid bugs 7 bats 12 lichens 2 kobold zombies 13 newts 1355 creatures vanquished. Voluntary challenges: You used a wielded weapon 1835 times, starting on turn 112. You read items or engraved 99 times, starting on turn 2055. You never genocided any monsters. You never polymorphed an object. You changed form 1 time, starting on turn 23632. You used no wishes. You never split a pudding. You wrote Elbereth's name 8 times, starting on turn 13276. You violated your moral code, losing 1 point of alignment, starting on turn 37462. Dungeon overview: The Dungeons of Doom: levels 1 to 27 Level 1 a fountain a long staircase Level 2 a potion shop, a fountain Level 3 some altars to Mercury and Mars stairs to The Gnomish Mines Level 4 an armor shop, a fountain Level 5 many fountains Level 6 stairs to Sokoban Level 7 Level 8 a fountain Level 9 a fountain Level 10 Level 11 Level 12 portal to The Quest Level 13 Level 14 Level 15 an altar to Mercury Level 16 a fountain Level 17 Level 18 an armor shop, some fountains Level 19 a fountain Level 20 some altars to Mercury and Mars, some sinks Level 21 some fountains Level 22 a temple to Venus, some fountains Level 23 a general store, some fountains Level 24 Level 25 Level 26 Level 27 <- You were here Gehennom: Level 28 stairs to The Dungeons of Doom The Gnomish Mines: levels 4 to 12 Level 4 stairs to The Dungeons of Doom Level 5 Level 6 many shops, a temple to Venus, some fountains Level 7 Level 8 Level 9 Level 10 Level 11 Level 12 The Quest: levels 1 to 5 Level 1 many trees portal to The Dungeons of Doom Level 2 many trees Level 3 Level 4 Level 5 Sokoban: levels 2 to 5 Level 2 Level 3 Level 4 Level 5 stairs to The Dungeons of Doom History has recorded: On T:1 you entered the Dungeons of Doom to retrieve the Amulet of Yendor! On T:233 you reached level 2 of The Dungeons of Doom. On T:411 you reached level 3 of The Dungeons of Doom. On T:821 you reached level 4 of The Dungeons of Doom. On T:1555 you reached level 5 of The Dungeons of Doom. On T:1779 you advanced to experience level 2. On T:1793 you reached level 6 of The Dungeons of Doom. On T:1917 you advanced to experience level 3. On T:2263 you advanced to experience level 4. On T:2667 you reached level 7 of The Dungeons of Doom. On T:2762 you advanced to experience level 5. On T:2801 you reached level 4 of Sokoban. On T:3263 you reached level 3 of Sokoban. On T:4414 you reached level 2 of Sokoban. On T:4803 you advanced to experience level 6. On T:4831 you reached level 1 of Sokoban. On T:6135 you advanced to experience level 7. On T:6273 you reached level 1 of The Gnomish Mines. On T:6391 you reached level 2 of The Gnomish Mines. On T:6929 you reached level 3 of The Gnomish Mines. On T:6954 you reached level 4 of The Gnomish Mines. On T:7927 you advanced to experience level 8. On T:9881 you reached level 5 of The Gnomish Mines. On T:10459 you reached level 6 of The Gnomish Mines. On T:11353 you reached level 7 of The Gnomish Mines. On T:11377 you advanced to experience level 9. On T:11463 you reached level 8 of The Gnomish Mines. On T:12892 you reached level 9 of The Gnomish Mines. On T:14652 you received Sting from Mars. On T:15085 you reached level 8 of The Dungeons of Doom. On T:15673 you reached level 9 of The Dungeons of Doom. On T:16538 you reached level 10 of The Dungeons of Doom. On T:16870 you reached level 11 of The Dungeons of Doom. On T:17434 you advanced to experience level 10. On T:17476 you reached level 12 of The Dungeons of Doom. On T:19495 you reached level 1 of The Quest. On T:19849 you reached level 13 of The Dungeons of Doom. On T:20099 you reached level 14 of The Dungeons of Doom. On T:22207 you reached level 15 of The Dungeons of Doom. On T:22949 you advanced to experience level 11. On T:23088 you reached level 16 of The Dungeons of Doom. On T:23382 you advanced to experience level 12. On T:23383 you advanced to experience level 13. On T:26549 you reached level 17 of The Dungeons of Doom. On T:27318 you reached level 18 of The Dungeons of Doom. On T:27931 you reached level 19 of The Dungeons of Doom. On T:27946 you reached level 20 of The Dungeons of Doom. On T:27952 you advanced to experience level 14. On T:29045 you reached level 21 of The Dungeons of Doom. On T:29776 you reached level 22 of The Dungeons of Doom. On T:30584 you reached level 23 of The Dungeons of Doom. On T:32743 you embarked upon an epic quest. On T:32844 you reached level 2 of The Quest. On T:32940 you reached level 3 of The Quest. On T:33061 you reached level 4 of The Quest. On T:34068 you reached level 5 of The Quest. On T:34256 you killed Scorpius on level 5 of The Quest. On T:35567 you completed the quest! On T:39779 you received Ogresmasher from Mars. On T:41365 you reached level 24 of The Dungeons of Doom. On T:41581 you advanced to experience level 15. On T:41642 you reached level 25 of The Dungeons of Doom. On T:41658 you killed Medusa on level 25 of The Dungeons of Doom. On T:43444 you reached level 26 of The Dungeons of Doom. On T:44614 you reached The Castle. On T:45468 you received Trollsbane from Mars. On T:47845 you reached The Valley of the Dead. Score breakdown: Gold: 2266 (11414 points) Experience: 15 levels (20844 points) Exploration: 28 levels ( 58.33%) (22738 points) Discoveries: 95 items ( 32.76%) (17170 points) Valuables value: (no points given unless you survive) Artifact value: 9800 (13576 points) Variety of kills: 219 monsters ( 57.48%) (22744 points) Turncount: 47902 turns (-4692 points) Survival: died (score multiplied by 80%) Total score: 83035 Latest messages: You shoot 2 arrows. You float in the opposite direction. You stop shooting after the first shot. Ouch! The arrow hits the yellow dragon. The yellow dragon bites! The yellow dragon hits! (2x) You float in the opposite direction. Ouch! The arrow hits the yellow dragon. The yellow dragon bites! The yellow dragon hits! (2x) You shoot 4 arrows. You float in the opposite direction. You stop shooting after the first shot. Ouch! The arrow hits the yellow dragon! The yellow dragon bites! You die... Final status: Goodbye Croesus the Ranger, killed by a yellow dragon, while moving through the air... You died in The Dungeons of Doom on dungeon level 27 with 83035 points, and 2266 pieces of gold, after 47902 moves. You were level 15 with a maximum of 95 hit points when you died.